[Event "VI Sunway Sitges Open 2019"]
[Site "Sitges"]
[Date "2019.12.16"]
[Round "4.15"]
[White "Diaz Camallonga, Carles"]
[Black "Svane, Rasmus"]
[Result "1/2-1/2"]
[ECO "B11"]
[WhiteElo "2468"]
[BlackElo "2597"]
[Annotator "ChessBase"]
[PlyCount "108"]
[EventDate "2019.12.13"]
[EventType "swiss"]
[EventCountry "ESP"]
[SourceTitle "playchess.com"]
[Source "ChessBase"]
[SourceQuality "1"]
[TimeControl "40/5400+30:1800+30"]

1. e4 c6 2. Nc3 d5 3. Nf3 Bg4 4. Be2 e6 5. d4 Nd7 6. O-O Bd6 7. Re1 Ne7 8. Bd3 Qb6 9. e5 Bb8 10. Na4 Qa5 11. c3 Qc7 12. h3 Bh5 13. Bf4 a5 14. b3 Ba7 15. Rc1 Rc8 16. g4 Bg6 17. c4 Nf8 18. c5 Nd7 19. Bg3 Qd8 20. Kg2 Bxd3 21. Qxd3 Ng6 22. Qe3 h6 23. Qd3 Bb8 24. Nb2 Bc7 25. a3 Qe7 26. Nd1 b6 27. b4 O-O 28. Ne3 axb4 29. axb4 bxc5 30. bxc5 Qe8 31. Ng1 f6 32. f4 fxe5 33. fxe5 Bd8 34. Rf1 Bg5 35. Rxf8+ Ndxf8 36. Rf1 Ra8 37. Rf2 Nh4+ 38. Kh2 Qg6 39. Qxg6 Nfxg6 40. Nc2 Rb8 41. Nf3 Nxf3+ 42. Rxf3 Nh4 43. Rf2 Rb3 44. Ne1 Re3 45. Ra2 Ng6 46. Ng2 Rf3 47. Ra6 Ne7 48. Ra7 Kf8 49. h4 Bd2 50. h5 Rd3 51. Bf2 Bg5 52. Ne1 Rd2 53. Kg3 Bh4+ 54. Kxh4 Rxf2 1/2-1/2

[Event "VI Sunway Sitges Open 2019"]
[Site "Sitges"]
[Date "2019.12.16"]
[Round "4.16"]
[White "Santos Latasa, Jaime"]
[Black "Janik, Igor"]
[Result "1-0"]
[ECO "C78"]
[WhiteElo "2585"]
[BlackElo "2466"]
[Annotator "ChessBase"]
[PlyCount "105"]
[EventDate "2019.12.13"]
[EventType "swiss"]
[EventCountry "ESP"]
[SourceTitle "playchess.com"]
[Source "ChessBase"]
[SourceQuality "1"]
[TimeControl "40/5400+30:1800+30"]

1. e4 e5 2. Nf3 Nc6 3. Bb5 a6 4. Ba4 Nf6 5. O-O b5 6. Bb3 Bc5 7. a4 Rb8 8. Nxe5 Nxe5 9. d4 Bxd4 10. Qxd4 d6 11. Bf4 O-O 12. f3 c5 13. Qd2 c4 14. Ba2 Qb6+ 15. Be3 Qc7 16. Nc3 b4 17. Ne2 Be6 18. Bd4 Rfe8 19. Ng3 Qe7 20. f4 Red8 21. a5 Ned7 22. Qe3 Re8 23. Rae1 c3 24. Bxe6 Qxe6 25. bxc3 bxc3 26. Qxc3 Rec8 27. Qd3 Rb5 28. Nf5 Ne8 29. c3 Rxa5 30. Qf3 Ndf6 31. Re3 d5 32. Qh3 dxe4 33. Ne7+ Qxe7 34. Qxc8 Nd5 35. Re2 f5 36. Rb2 Ndc7 37. Bb6 Rc5 38. Bxc5 Qxc5+ 39. Kh1 Kf7 40. Qd7+ Kg6 41. Qd4 Qxd4 42. cxd4 Nb5 43. Rb4 Nec7 44. Ra1 Kf6 45. g3 Ke6 46. Rxa6+ Nxa6 47. Rxb5 Nc7 48. Re5+ Kf6 49. d5 Nb5 50. Kg2 g6 51. Kf2 Kf7 52. Ke3 Na3 53. Kd4 1-0

[Event "VI Sunway Sitges Open 2019"]
[Site "Sitges"]
[Date "2019.12.16"]
[Round "4.18"]
[White "Wagner, Dennis"]
[Black "Haldorsen, Benjamin"]
[Result "1/2-1/2"]
[ECO "D02"]
[WhiteElo "2578"]
[BlackElo "2455"]
[Annotator "ChessBase"]
[PlyCount "75"]
[EventDate "2019.12.13"]
[EventType "swiss"]
[EventCountry "ESP"]
[SourceTitle "playchess.com"]
[Source "ChessBase"]
[SourceQuality "1"]
[TimeControl "40/5400+30:1800+30"]

1. d4 d5 2. Nf3 e6 3. Bf4 Nf6 4. e3 c5 5. c3 Bd6 6. Bb5+ Nc6 7. Bxd6 Qxd6 8. Qa4 Bd7 9. O-O Nb8 10. c4 cxd4 11. Nxd4 O-O 12. cxd5 Nxd5 13. Na3 a6 14. Bxd7 Nxd7 15. Nc4 Qc7 16. Qc2 Rac8 17. Rac1 b5 18. Na3 Qb7 19. Qd2 Ne5 20. Rxc8 Rxc8 21. Rc1 g6 22. h3 b4 23. Rxc8+ Qxc8 24. Qc2 Qxc2 25. Naxc2 Nd3 26. e4 Ne7 27. a3 a5 28. axb4 axb4 29. b3 e5 30. Nf3 Nc6 31. Kf1 f6 32. Nd2 Kf7 33. Ke2 Nc5 34. Ke3 Ke6 35. g3 Na5 36. Nxb4 Ncxb3 37. Nxb3 Nxb3 38. Nd3 1/2-1/2

[Event "VI Sunway Sitges Open 2019"]
[Site "Sitges"]
[Date "2019.12.16"]
[Round "4.19"]
[White "Lopez Martinez, Josep Manuel"]
[Black "Real De Azua, Ernesto"]
[Result "1/2-1/2"]
[ECO "D38"]
[WhiteElo "2561"]
[BlackElo "2450"]
[Annotator "ChessBase"]
[PlyCount "103"]
[EventDate "2019.12.13"]
[EventType "swiss"]
[EventCountry "ESP"]
[SourceTitle "playchess.com"]
[Source "ChessBase"]
[SourceQuality "1"]
[TimeControl "40/5400+30:1800+30"]

1. d4 Nf6 2. c4 e6 3. Nf3 d5 4. Nc3 Bb4 5. cxd5 exd5 6. Bg5 h6 7. Bh4 O-O 8. e3 Bf5 9. Qb3 Bxc3+ 10. Qxc3 Nbd7 11. Be2 g5 12. Bg3 c5 13. dxc5 Ne4 14. Qa3 Ndxc5 15. Nd4 Bg6 16. f3 Nxg3 17. hxg3 Qe7 18. Rxh6 Rfe8 19. Kf1 Qxe3 20. Qxc5 Rac8 21. Rxg6+ fxg6 22. Qxd5+ Kh8 23. Rd1 Rc1 24. Qb3 Rxd1+ 25. Qxd1 Rd8 26. Qc2 Qxd4 27. Qxg6 Qg7 28. Qh5+ Kg8 29. Qg4 Qf6 30. Qe4 b6 31. Qc4+ Kf8 32. Qc7 a5 33. g4 Re8 34. Qc2 Qe5 35. a4 Kg7 36. b3 Re7 37. Qd2 Qe3 38. Qc2 Qe5 39. Qd2 Kf6 40. g3 Qxg3 41. Qd4+ Qe5 42. Qxb6+ Kg7 43. Qb5 Qxb5 44. axb5 Re3 45. Bc4 Rxf3+ 46. Ke2 Rf6 47. Ke3 Rd6 48. Ke4 Kf6 49. Bd5 Rb6 50. Bc4 Rd6 51. Bd5 Rb6 52. Bc4 1/2-1/2

[Event "VI Sunway Sitges Open 2019"]
[Site "Sitges"]
[Date "2019.12.16"]
[Round "4.20"]
[White "Alexiadis, Hristos"]
[Black "Dragnev, Valentin"]
[Result "1/2-1/2"]
[ECO "C47"]
[WhiteElo "2346"]
[BlackElo "2553"]
[Annotator "ChessBase"]
[PlyCount "52"]
[EventDate "2019.12.13"]
[EventType "swiss"]
[EventCountry "ESP"]
[SourceTitle "playchess.com"]
[Source "ChessBase"]
[SourceQuality "1"]
[TimeControl "40/5400+30:1800+30"]

1. e4 e5 2. Nf3 Nc6 3. Nc3 Nf6 4. d4 exd4 5. Nxd4 Bb4 6. Nxc6 bxc6 7. Bd3 d5 8. exd5 O-O 9. O-O cxd5 10. h3 Rb8 11. Qf3 Bb7 12. Bg5 Be7 13. Rfe1 h6 14. Bh4 d4 15. Ne4 Nxe4 16. Bxe7 Qxe7 17. Bxe4 Bxe4 18. Rxe4 Qc5 19. b3 Rfe8 20. Rae1 Rxe4 21. Qxe4 a5 22. Qd3 Rd8 23. Rd1 Rd6 24. Re1 Rd8 25. Rd1 Rd6 26. Re1 Rd8 1/2-1/2

[Event "VI Sunway Sitges Open 2019"]
[Site "Sitges"]
[Date "2019.12.16"]
[Round "4.21"]
[White "Gukesh D"]
[Black "Rafiee, Makan"]
[Result "1-0"]
[ECO "C00"]
[WhiteElo "2547"]
[BlackElo "2335"]
[Annotator "ChessBase"]
[PlyCount "89"]
[EventDate "2019.12.13"]
[EventType "swiss"]
[EventCountry "ESP"]
[SourceTitle "playchess.com"]
[Source "ChessBase"]
[SourceQuality "1"]
[TimeControl "40/5400+30:1800+30"]

1. Nf3 Nf6 2. g3 d5 3. Bg2 e6 4. O-O Be7 5. d3 O-O 6. Nbd2 c5 7. e4 Nc6 8. Re1 b5 9. e5 Nd7 10. Nf1 Qc7 11. Bf4 Bb7 12. h4 Rfc8 13. h5 h6 14. Ne3 Qd8 15. c4 bxc4 16. dxc4 d4 17. Ng4 Bf8 18. Nd2 Rcb8 19. Ne4 Ne7 20. b4 cxb4 21. Qxd4 Nf5 22. Qxd7 Qxd7 23. Nxh6+ gxh6 24. Nf6+ Kg7 25. Nxd7 Bxg2 26. Nxb8 Bf3 27. Nd7 Be7 28. Be3 Rc8 29. Rac1 Nxe3 30. fxe3 Bc6 31. Nf6 Bxf6 32. exf6+ Kxf6 33. Kf2 Rg8 34. Red1 Rg5 35. Rd6 Rc5 36. g4 a5 37. Rd8 Bd5 38. Rg8 Be4 39. Ke2 Ke7 40. Kf2 Kf6 41. Ke2 Ke7 42. Kd2 Kf6 43. g5+ hxg5 44. h6 Bh7 45. Rf1+ 1-0

[Event "VI Sunway Sitges Open 2019"]
[Site "Sitges"]
[Date "2019.12.16"]
[Round "4.22"]
[White "Nasuta, Grzegorz"]
[Black "Fecker, Noah"]
[Result "1-0"]
[ECO "B47"]
[WhiteElo "2545"]
[BlackElo "2277"]
[Annotator "ChessBase"]
[PlyCount "103"]
[EventDate "2019.12.13"]
[EventType "swiss"]
[EventCountry "ESP"]
[SourceTitle "playchess.com"]
[Source "ChessBase"]
[SourceQuality "1"]
[TimeControl "40/5400+30:1800+30"]

1. e4 c5 2. Nf3 e6 3. d4 cxd4 4. Nxd4 Nc6 5. Nc3 Qc7 6. g3 a6 7. Bg2 Nf6 8. O-O h5 9. h3 Bc5 10. Nxc6 dxc6 11. e5 Qxe5 12. Bf4 Qd4 13. Qe2 Be7 14. Rad1 Qc5 15. Be5 O-O 16. a3 Nd7 17. Bd4 Qg5 18. h4 Qh6 19. Be3 Qg6 20. Bf3 Nf6 21. Bg5 Re8 22. Na4 e5 23. Nb6 Rb8 24. Nxc8 Rbxc8 25. Bxf6 Qxf6 26. Rd7 b5 27. Bxh5 Rcd8 28. Rfd1 Rxd7 29. Rxd7 Rd8 30. Rxd8+ Bxd8 31. Bf3 Bb6 32. Qe4 Kf8 33. Qxc6 Qxc6 34. Bxc6 Ke7 35. Kf1 Kd6 36. Be8 Ke7 37. Bc6 Kd6 38. Bb7 a5 39. Ke2 b4 40. axb4 axb4 41. c3 bxc3 42. bxc3 f6 43. f3 Ke6 44. g4 Ba7 45. h5 Bb6 46. Kd3 Ba5 47. c4 Kd6 48. Ke4 Bc7 49. Kf5 Ke7 50. Kg6 Kf8 51. h6 gxh6 52. Kxf6 1-0

[Event "VI Sunway Sitges Open 2019"]
[Site "Sitges"]
[Date "2019.12.16"]
[Round "4.23"]
[White "Raja Harshit"]
[Black "Erigaisi Arjun"]
[Result "0-1"]
[ECO "B31"]
[WhiteElo "2447"]
[BlackElo "2544"]
[Annotator "ChessBase"]
[PlyCount "134"]
[EventDate "2019.12.13"]
[EventType "swiss"]
[EventCountry "ESP"]
[SourceTitle "playchess.com"]
[Source "ChessBase"]
[SourceQuality "1"]
[TimeControl "40/5400+30:1800+30"]

1. e4 c5 2. Nf3 Nc6 3. Bb5 g6 4. Bxc6 dxc6 5. d3 Bg7 6. h3 Nf6 7. Nc3 Nd7 8. Be3 e5 9. O-O b6 10. Qd2 h6 11. Nh2 Nf8 12. f4 exf4 13. Bxf4 Ne6 14. Be3 Nd4 15. Nd1 Be6 16. c3 Nb5 17. Nf2 Qd7 18. a4 Nd6 19. a5 Rd8 20. Nf3 f5 21. axb6 axb6 22. Bf4 g5 23. Bxd6 Qxd6 24. exf5 Bxf5 25. Rae1+ Kd7 26. Ne4 Qg6 27. Qf2 Bxe4 28. dxe4 Qe6 29. Nxg5 hxg5 30. Qf7+ Qe7 31. Rd1+ Bd4+ 32. cxd4 Qxf7 33. Rxf7+ Ke6 34. Rc7 Rxd4 35. Rxc6+ Ke5 36. Rf1 Rb4 37. Rf2 Rg8 38. Rcf6 Kxe4 39. Rd2 g4 40. hxg4 Rxg4 41. Re6+ Kf5 42. Re3 Rge4 43. Kf2 Rxe3 44. Kxe3 Rb3+ 45. Ke2 Ke4 46. Kd1 b5 47. Kc2 c4 48. Rd8 Rg3 49. Rb8 Rxg2+ 50. Kb1 Rg5 51. b3 Kd3 52. bxc4 Rg1+ 53. Kb2 Rg2+ 54. Kb1 bxc4 55. Rh8 Rg1+ 56. Ka2 Rd1 57. Rh3+ Kc2 58. Rh4 Kc3 59. Rh3+ Rd3 60. Rh4 Rd2+ 61. Ka3 Rd3 62. Ka2 Rd4 63. Rh3+ Kc2 64. Rh2+ Rd2 65. Rh4 Kc1+ 66. Ka3 c3 67. Rh1+ Rd1 0-1

[Event "VI Sunway Sitges Open 2019"]
[Site "Sitges"]
[Date "2019.12.16"]
[Round "4.24"]
[White "Moradiabadi, Elshan"]
[Black "Kiremitciyan, Ari"]
[Result "1-0"]
[ECO "A14"]
[WhiteElo "2539"]
[BlackElo "2270"]
[Annotator "ChessBase"]
[PlyCount "93"]
[EventDate "2019.12.13"]
[EventType "swiss"]
[EventCountry "ESP"]
[SourceTitle "playchess.com"]
[Source "ChessBase"]
[SourceQuality "1"]
[TimeControl "40/5400+30:1800+30"]

1. c4 c6 2. g3 d5 3. Bg2 Nf6 4. Nf3 e6 5. b3 Be7 6. O-O O-O 7. Bb2 b6 8. e3 Bb7 9. Qe2 c5 10. Rd1 Na6 11. d3 Nc7 12. Nc3 Bd6 13. Nh4 Re8 14. Rac1 e5 15. cxd5 Ncxd5 16. Ne4 Rb8 17. Nxd6 Qxd6 18. Nf5 Qd8 19. a3 a5 20. h3 Re6 21. Qc2 h6 22. e4 Ne7 23. f4 exf4 24. Nxe7+ Qxe7 25. gxf4 Nh5 26. f5 Rd6 27. Qe2 Nf4 28. Qg4 Qg5 29. Be5 Qxg4 30. hxg4 Ne2+ 31. Kf2 Nxc1 32. Bxd6 Rd8 33. Rxc1 Rxd6 34. e5 Rd7 35. Bxb7 Rxb7 36. b4 cxb4 37. Rc8+ Kh7 38. axb4 Ra7 39. Ke3 a4 40. Rc2 g6 41. d4 h5 42. d5 a3 43. d6 Rd7 44. gxh5 gxf5 45. Kf4 f6 46. Kxf5 fxe5 47. Ke4 1-0

[Event "VI Sunway Sitges Open 2019"]
[Site "Sitges"]
[Date "2019.12.16"]
[Round "4.31"]
[White "Raja Rithvik R"]
[Black "Salgado Lopez, Ivan"]
[Result "0-1"]
[ECO "D37"]
[WhiteElo "2381"]
[BlackElo "2605"]
[Annotator "RC"]
[PlyCount "72"]
[EventDate "2019.12.13"]
[EventType "swiss"]
[EventCountry "ESP"]
[SourceTitle "playchess.com"]
[Source "ChessBase"]
[SourceQuality "1"]
[TimeControl "40/5400+30:1800+30"]

1. d4 e6 2. c4 a6 3. Nc3 d5 4. cxd5 exd5 5. Nf3 Nf6 6. Bg5 Be6 7. Bxf6 Qxf6 8. Qb3 Ra7 9. g3 Qd8 10. Bg2 Be7 11. O-O c6 12. Qc2 O-O 13. Ne5 Re8 14. e3 Bf8 15. Rac1 Nd7 16. Nxd7 Bxd7 17. Na4 h5 18. Nc5 Bc8 19. Rfe1 h4 20. e4 h3 21. Bh1 dxe4 22. Bxe4 Re7 23. Rcd1 Ra8 24. Qb3 Bg4 25. Rd3 Rb8 26. Ree3 Qd6 27. Qc4 Qf6 28. d5 Qxb2 29. Rb3 cxd5 30. Rxb2 dxc4 31. f3 Rc8 32. Nxb7 Be6 33. Na5 Rd7 34. Kf1 Bc5 35. Re1 c3 36. Rc2 Bb6 0-1

[Event "VI Sunway Sitges Open 2019"]
[Site "Sitges"]
[Date "2019.12.16"]
[Round "4.32"]
[White "Liang, Awonder"]
[Black "Sankalp Gupta"]
[Result "1-0"]
[ECO "A16"]
[WhiteElo "2593"]
[BlackElo "2365"]
[Annotator "ChessBase"]
[PlyCount "55"]
[EventDate "2019.12.13"]
[EventType "swiss"]
[EventCountry "ESP"]
[SourceTitle "playchess.com"]
[Source "ChessBase"]
[SourceQuality "1"]
[TimeControl "40/5400+30:1800+30"]

1. Nf3 Nf6 2. c4 g6 3. Nc3 d5 4. cxd5 Nxd5 5. h4 h6 6. e4 Nxc3 7. bxc3 Bg7 8. d4 c5 9. Rb1 cxd4 10. cxd4 O-O 11. Be2 Qa5+ 12. Bd2 Qxa2 13. O-O Bg4 14. Rxb7 Nd7 15. h5 Rab8 16. Rxb8 Rxb8 17. hxg6 Rb2 18. gxf7+ Kf8 19. Bd3 Bxf3 20. Qxf3 Rxd2 21. e5 Qb3 22. Qc6 Rxd3 23. e6 Rc3 24. Qxd7 Qb8 25. d5 Be5 26. Qa4 Bf4 27. d6 Bxd6 28. Qg4 1-0

[Event "VI Sunway Sitges Open 2019"]
[Site "Sitges"]
[Date "2019.12.16"]
[Round "4.33"]
[White "Meister, Peter"]
[Black "Peralta, Fernando"]
[Result "0-1"]
[ECO "E12"]
[WhiteElo "2373"]
[BlackElo "2577"]
[Annotator "ChessBase"]
[PlyCount "76"]
[EventDate "2019.12.13"]
[EventType "swiss"]
[EventCountry "ESP"]
[SourceTitle "playchess.com"]
[Source "ChessBase"]
[SourceQuality "1"]
[TimeControl "40/5400+30:1800+30"]

1. d4 Nf6 2. Nf3 e6 3. c4 b6 4. a3 Bb7 5. Nc3 d5 6. Bg5 Be7 7. Qa4+ Bc6 8. Qb3 dxc4 9. Qxc4 O-O 10. Rd1 Bb7 11. Bxf6 Bxf6 12. e4 a6 13. Be2 b5 14. Qa2 c5 15. e5 Be7 16. dxc5 Qc7 17. b4 Nd7 18. O-O Rad8 19. Qc2 Nxe5 20. Nxe5 Qxe5 21. Bd3 g6 22. Rfe1 Qc7 23. Be4 Bc8 24. g3 f5 25. Bg2 Bf6 26. Ne2 Be5 27. Nc1 Bg7 28. f4 e5 29. fxe5 Bxe5 30. Nd3 Bd4+ 31. Kh1 g5 32. Re2 f4 33. Ne1 fxg3 34. Red2 Bb7 35. c6 Bxc6 36. Qb3+ Kh8 37. hxg3 Rf1+ 38. Kh2 Bg1+ 0-1

[Event "VI Sunway Sitges Open 2019"]
[Site "Sitges"]
[Date "2019.12.16"]
[Round "4.34"]
[White "Sorensen, Hampus"]
[Black "Harutyunian, Tigran K."]
[Result "0-1"]
[ECO "E12"]
[WhiteElo "2364"]
[BlackElo "2540"]
[Annotator "ChessBase"]
[PlyCount "146"]
[EventDate "2019.12.13"]
[EventType "swiss"]
[EventCountry "ESP"]
[SourceTitle "playchess.com"]
[Source "ChessBase"]
[SourceQuality "1"]
[TimeControl "40/5400+30:1800+30"]

1. d4 Nf6 2. c4 e6 3. Nf3 b6 4. a3 Bb7 5. Nc3 d5 6. Bg5 Be7 7. Qa4+ Bc6 8. Qb3 dxc4 9. Qxc4 a6 10. g3 Bxf3 11. exf3 O-O 12. Bg2 b5 13. Qd3 c5 14. Rd1 c4 15. Qe2 Ra7 16. Be3 Nd5 17. Nxd5 exd5 18. f4 b4 19. axb4 Bxb4+ 20. Kf1 a5 21. Qf3 Rd7 22. g4 f5 23. gxf5 Nc6 24. f6 Qxf6 25. Bh3 Rdd8 26. Rg1 c3 27. bxc3 Bxc3 28. Qg4 Nxd4 29. Bxd4 Bxd4 30. Qe6+ Kh8 31. Qxf6 Bxf6 32. Rg3 d4 33. Ra3 Rd5 34. Rda1 Bd8 35. Be6 Rd6 36. f5 g6 37. Rb1 d3 38. Rd1 d2 39. Ra2 Bg5 40. Rxa5 Bh6 41. Rc5 gxf5 42. Bb3 Kg7 43. Bc2 Kg6 44. Ke2 Bg5 45. h4 Re8+ 46. Kf3 Bxh4 47. Rxf5 Kg7 48. Rg1+ Kh8 49. Rh1 Rc8 50. Bd1 Bf6 51. Rf4 Re6 52. Re4 Rxe4 53. Kxe4 Re8+ 54. Kd3 Re1 55. Rh6 Kg7 56. Kxd2 Bc3+ 57. Kxc3 Kxh6 58. Kd2 Re7 59. Be2 Kg5 60. Ke1 Kh4 61. Kf1 Kh3 62. Bf3 Kh2 63. Bh5 Re5 64. Bg4 h5 65. Bd7 h4 66. Bc8 h3 67. Bb7 Rb5 68. Bc6 Rb1+ 69. Ke2 Kg1 70. f4 h2 71. Ke3 Rf1 72. Bb7 h1=Q 73. Bxh1 Kxh1 0-1

[Event "VI Sunway Sitges Open 2019"]
[Site "Sitges"]
[Date "2019.12.16"]
[Round "4.35"]
[White "Esplugas Esteve, Vicenc"]
[Black "Sindarov, Javokhir"]
[Result "0-1"]
[ECO "D87"]
[WhiteElo "2366"]
[BlackElo "2526"]
[Annotator "ChessBase"]
[PlyCount "80"]
[EventDate "2019.12.13"]
[EventType "swiss"]
[EventCountry "ESP"]
[SourceTitle "playchess.com"]
[Source "ChessBase"]
[SourceQuality "1"]
[TimeControl "40/5400+30:1800+30"]

1. d4 Nf6 2. c4 g6 3. Nc3 d5 4. cxd5 Nxd5 5. e4 Nxc3 6. bxc3 Bg7 7. Bc4 O-O 8. Ne2 c5 9. O-O Nc6 10. Be3 Bg4 11. f3 Bd7 12. Rb1 Qc7 13. Bd3 Rad8 14. Qd2 Bc8 15. Rfc1 b6 16. d5 Ne5 17. c4 e6 18. Bg5 Rd7 19. Rb3 exd5 20. cxd5 c4 21. Kh1 Ba6 22. Bf4 Rc8 23. Rbc3 Qd8 24. Bb1 Nd3 25. Bxd3 Bxc3 26. Rxc3 cxd3 27. Nd4 Rxc3 28. Qxc3 Qf6 29. g3 g5 30. Bb8 Rd8 31. e5 Qg6 32. Nc6 Qxc6 33. Qxc6 d2 34. Qc2 Rxd5 35. Qd1 Be2 36. Qxe2 d1=Q+ 37. Qxd1 Rxd1+ 38. Kg2 Rd2+ 39. Kh3 Rxa2 40. Kg4 b5 0-1

[Event "VI Sunway Sitges Open 2019"]
[Site "Sitges"]
[Date "2019.12.16"]
[Round "4.36"]
[White "Bjerre, Jonas Buhl"]
[Black "Sarkar, Justin"]
[Result "1/2-1/2"]
[ECO "D20"]
[WhiteElo "2526"]
[BlackElo "2360"]
[Annotator "ChessBase"]
[PlyCount "124"]
[EventDate "2019.12.13"]
[EventType "swiss"]
[EventCountry "ESP"]
[SourceTitle "playchess.com"]
[Source "ChessBase"]
[SourceQuality "1"]
[TimeControl "40/5400+30:1800+30"]

1. d4 d5 2. c4 dxc4 3. e4 e5 4. Nf3 Bb4+ 5. Nc3 Nf6 6. Nxe5 b5 7. Bg5 h6 8. Bxf6 Qxf6 9. Be2 c5 10. O-O cxd4 11. Qxd4 Nd7 12. Nf3 Bxc3 13. bxc3 Nb6 14. Qc5 Bd7 15. Nd4 Na4 16. Qd5 O-O 17. Qxd7 Nxc3 18. e5 Qb6 19. Bxc4 Rad8 20. Qc6 Qxd4 21. Bxb5 Rd5 22. e6 fxe6 23. Bc4 Rd6 24. Bxe6+ Kh8 25. Qc4 Qf6 26. Bg4 Rd4 27. Qe6 Qg5 28. h3 Rd2 29. Qc4 Nd5 30. Qc5 Qf6 31. Qxa7 Nf4 32. Qe3 Rd3 33. Qe4 h5 34. Bd1 Qxa1 35. Bc2 Qd4 36. Bxd3 Qxd3 37. Qxd3 Nxd3 38. Rd1 Nb4 39. a3 Nc2 40. Rd5 g6 41. a4 Rf4 42. Rc5 Na3 43. Ra5 Kg7 44. g3 Rb4 45. Ra7+ Kh6 46. a5 Ra4 47. a6 Nb5 48. Rb7 Nd4 49. Rb6 h4 50. gxh4 Nf3+ 51. Kf1 Ra2 52. Rf6 Nxh4 53. Rf8 Nf5 54. Ra8 Ne7 55. Kg2 Nc6 56. Kg3 Kg7 57. h4 Nb4 58. Kg4 Ra5 59. f4 Nxa6 60. f5 gxf5+ 61. Kg5 f4+ 62. Kxf4 Ra4+ 1/2-1/2

[Event "VI Sunway Sitges Open 2019"]
[Site "Sitges"]
[Date "2019.12.16"]
[Round "4.37"]
[White "Vega Gutierrez, Sabrina"]
[Black "Harsha Bharathakoti"]
[Result "0-1"]
[ECO "E14"]
[WhiteElo "2360"]
[BlackElo "2523"]
[Annotator "ChessBase"]
[PlyCount "136"]
[EventDate "2019.12.13"]
[EventType "swiss"]
[EventCountry "ESP"]
[SourceTitle "playchess.com"]
[Source "ChessBase"]
[SourceQuality "1"]
[TimeControl "40/5400+30:1800+30"]

1. d4 d5 2. c4 e6 3. Nf3 Nf6 4. e3 b6 5. cxd5 exd5 6. Nc3 Bb7 7. Bd3 Bd6 8. Qa4+ Nbd7 9. Ne5 O-O 10. f4 a6 11. O-O Re8 12. b4 Nf8 13. Qb3 Qe7 14. b5 a5 15. a4 Rad8 16. Ra2 Ng6 17. Rc2 Qf8 18. Ne2 Ne4 19. Ng3 Nxg3 20. hxg3 Qe7 21. g4 Nf8 22. g5 Ne6 23. Nc6 Bxc6 24. Rxc6 Nf8 25. Rf3 Ng6 26. Rh3 Nf8 27. Qc2 g6 28. Qf2 Ba3 29. Bd2 Bb4 30. Bc1 Ba3 31. Bxa3 Qxa3 32. Qc2 Rd7 33. f5 Rde7 34. fxg6 fxg6 35. Rf6 Rxe3 36. Bxg6 Rxh3 37. Bf7+ Kg7 38. Bxe8 Qa1+ 39. Rf1 Qxd4+ 40. Qf2 Qxf2+ 41. Rxf2 Rc3 42. Rf7+ Kg8 43. Re7 Ng6 44. Bxg6 hxg6 45. Rd7 Rc4 46. Rxd5 Kf7 47. Rd8 Ke6 48. Rf8 Rxa4 49. Rf6+ Ke7 50. Rc6 Kd7 51. Rxg6 Rb4 52. Rg7+ Kc8 53. g6 Rxb5 54. Rf7 Rg5 55. g7 Kb7 56. Kh2 a4 57. Kh3 a3 58. Rf3 Rxg7 59. Rxa3 b5 60. g4 b4 61. Rg3 c5 62. g5 Kc6 63. Kg4 c4 64. Kf3 b3 65. Ke2 b2 66. Rg1 Rxg5 67. Rb1 Rg2+ 68. Ke3 Kc5 {[%emt 0:00:05] Kd4+} 0-1

[Event "VI Sunway Sitges Open 2019"]
[Site "Sitges"]
[Date "2019.12.16"]
[Round "4.38"]
[White "Narciso Dublan, Marc"]
[Black "Borocz, Istvan"]
[Result "1-0"]
[ECO "C65"]
[WhiteElo "2516"]
[BlackElo "2346"]
[Annotator "ChessBase"]
[PlyCount "77"]
[EventDate "2019.12.13"]
[EventType "swiss"]
[EventCountry "ESP"]
[SourceTitle "playchess.com"]
[Source "ChessBase"]
[SourceQuality "1"]
[TimeControl "40/5400+30:1800+30"]

1. e4 e5 2. Nf3 Nc6 3. Bb5 Nf6 4. d3 Bc5 5. Bxc6 dxc6 6. O-O Nd7 7. Nbd2 O-O 8. Nc4 Re8 9. Bd2 Bd6 10. Kh1 Nf8 11. Ng1 Ng6 12. Ne2 Bf8 13. Bc3 b5 14. Ne3 Bd6 15. Ng3 c5 16. a4 c6 17. Ngf5 Bf8 18. b3 a6 19. Qg4 f6 20. g3 Kh8 21. f4 Ra7 22. Rf3 Bd6 23. Raf1 Bb8 24. h4 Rf7 25. h5 Nf8 26. Qh4 Ne6 27. fxe5 fxe5 28. Qxd8 Rxd8 29. Ng4 Ng5 30. R3f2 Re8 31. h6 gxh6 32. Ngxh6 Rff8 33. Ng4 Kg8 34. Ne7+ Kg7 35. Rxf8 Rxf8 36. Rxf8 Kxf8 37. Nxc8 Nf7 38. Ba5 Ng5 39. Nf6 1-0

[Event "VI Sunway Sitges Open 2019"]
[Site "Sitges"]
[Date "2019.12.16"]
[Round "4.39"]
[White "Pajeken, Jakob Leon"]
[Black "Sadhwani, Raunak"]
[Result "0-1"]
[ECO "A49"]
[WhiteElo "2350"]
[BlackElo "2507"]
[Annotator "ChessBase"]
[PlyCount "64"]
[EventDate "2019.12.13"]
[EventType "swiss"]
[EventCountry "ESP"]
[SourceTitle "playchess.com"]
[Source "ChessBase"]
[SourceQuality "1"]
[TimeControl "40/5400+30:1800+30"]

1. d4 Nf6 2. Nf3 g6 3. g3 Bg7 4. Bg2 O-O 5. O-O d6 6. b3 b5 7. c4 bxc4 8. Nfd2 c6 9. Nxc4 Bb7 10. Bb2 Nbd7 11. Qd2 Rc8 12. Rc1 Ba8 13. e4 d5 14. e5 Ne4 15. Bxe4 dxe4 16. Re1 c5 17. d5 Nb6 18. Nxb6 axb6 19. Nc3 Bxe5 20. Rxe4 Bxc3 21. Qxc3 f6 22. Rd1 Bxd5 23. Qe3 Rc7 24. Ra4 Rd7 25. Re1 e5 26. b4 Bc6 27. Ra3 c4 28. Rc3 Rd3 29. Rxd3 cxd3 30. b5 Bxb5 31. Rc1 Qd5 32. Ba3 Rd8 0-1

[Event "VI Sunway Sitges Open 2019"]
[Site "Sitges"]
[Date "2019.12.16"]
[Round "4.40"]
[White "Girish, A. Koushik"]
[Black "Sidhant, Mohapatra"]
[Result "1-0"]
[ECO "D52"]
[WhiteElo "2506"]
[BlackElo "2338"]
[Annotator "ChessBase"]
[PlyCount "61"]
[EventDate "2019.12.13"]
[EventType "swiss"]
[EventCountry "ESP"]
[SourceTitle "playchess.com"]
[Source "ChessBase"]
[SourceQuality "1"]
[TimeControl "40/5400+30:1800+30"]

1. d4 d5 2. c4 c6 3. Nf3 Nf6 4. Nc3 e6 5. Bg5 Nbd7 6. e3 Qa5 7. cxd5 Nxd5 8. Rc1 Nxc3 9. bxc3 Ba3 10. Rc2 b6 11. Be2 Ba6 12. O-O Bxe2 13. Rxe2 O-O 14. e4 Rfe8 15. Re3 Rac8 16. e5 Bf8 17. Nd2 c5 18. Ne4 cxd4 19. cxd4 Qd5 20. Nc3 Qa5 21. Ne4 Qd5 22. Qh5 g6 23. Qh4 Rc4 24. Nc3 Qc6 25. Ne2 Bg7 26. Bh6 Bxh6 27. Qxh6 Rc8 28. h4 Rc2 29. Ng3 Rc1 30. Nh5 Rxf1+ 31. Kh2 1-0

[Event "VI Sunway Sitges Open 2019"]
[Site "Sitges"]
[Date "2019.12.16"]
[Round "4.41"]
[White "Kucuksari, Kaan"]
[Black "Krzyzanowski, Marcin"]
[Result "0-1"]
[ECO "A45"]
[WhiteElo "2337"]
[BlackElo "2506"]
[Annotator "ChessBase"]
[PlyCount "108"]
[EventDate "2019.12.13"]
[EventType "swiss"]
[EventCountry "ESP"]
[SourceTitle "playchess.com"]
[Source "ChessBase"]
[SourceQuality "1"]
[TimeControl "40/5400+30:1800+30"]

1. d4 Nf6 2. Bg5 e6 3. e4 h6 4. Bxf6 Qxf6 5. c3 d6 6. Nd2 g6 7. Bd3 Bg7 8. Ne2 e5 9. O-O Qe7 10. f4 Nd7 11. Nc4 O-O 12. Kh1 b6 13. Ne3 Bb7 14. fxe5 dxe5 15. d5 Nc5 16. Ng3 Qg5 17. Rf3 Bc8 18. Bc4 Nb7 19. Ba6 Nd6 20. Bxc8 Raxc8 21. Qd3 h5 22. Raf1 h4 23. Ne2 f5 24. Nc4 Nxe4 25. d6 cxd6 26. Nxd6 Nxd6 27. Qxd6 Rcd8 28. Qe6+ Rf7 29. R3f2 Qf6 30. Qc4 Bh6 31. g4 hxg3 32. Nxg3 Bf4 33. Ne2 Bh6 34. Ng3 f4 35. Ne4 Qf5 36. Re1 Kg7 37. Nd2 Re7 38. Qe4 Qxe4+ 39. Nxe4 Rd3 40. Kg2 Kf7 41. Rf3 Rd8 42. Kh3 Red7 43. Rff1 Rd3+ 44. Kg4 Ke6 45. Rf2 a5 46. a4 R8d7 47. Rff1 Bg7 48. Kg5 Bf8 49. Kg4 Be7 50. Rf3 Rxf3 51. Kxf3 Kf5 52. Kg2 Bh4 53. Re2 Rd3 54. Nd2 e4 0-1